 Dungeon Crawl Stone Soup version 0.28-a0-751-gef3a642a4e (webtiles) character file.

Game seed: 8056876302083562736

4510 Johnny the Carver (level 10, -2/70 HPs)
             Began as a Human Berserker on Oct 30, 2021.
             Was a High Priest of Trog.
             Killed from afar by Maurice (30 damage)
             ... with a bolt of acid
             ... on level 8 of the Dungeon.
             The game lasted 00:06:52 (10986 turns).

Johnny the Carver (Human Berserker)                Turns: 10986, Time: 00:06:53

Health: -2/70      AC:  2    Str: 26    XL:     10   Next: 65%
Magic:  10/10      EV:  9    Int:  8    God:    Trog [*****.]
Gold:   343        SH:  0    Dex: 13    Spells: 9/9 levels left

rFire   . . .      SeeInvis .   z - +1 short sword (elec)
rCold   . . .      Faith    .   (no shield)
rNeg    . . .      Spirit   .   h - +0 chain mail
rPois   .          Reflect  .   N - +0 helmet
rElec   .          Harm     .   (no cloak)
rCorr   .          Rampage  .   (no gloves)
Will    +....                   B - +0 pair of boots
Stlth   ..........              (no amulet)
HPRegen 0.21/turn               l - +6 ring of strength
MPRegen 0.12/turn               p - ring of willpower

@: marked, corroded, on berserk cooldown, hasted and slowed
A: no striking features
a: Renounce Religion, Berserk, Trog's Hand, Brothers in Arms


You were on level 8 of the Dungeon.
You worshipped Trog.
Trog was extremely pleased with you.
You visited 1 branch of the dungeon, and saw 8 of its levels.
You also visited: Sewer.

You collected 343 gold pieces.

Inventory:

Hand Weapons
 a - a +0 falchion
 z - a +1 short sword of electrocution (weapon)
Armour
 h - a +0 chain mail (worn)
 B - a +0 pair of boots (worn)
 N - a +0 helmet (worn)
Jewellery
 l - a +6 ring of strength (left hand)
 p - a ring of willpower (right hand)
Wands
 k - a wand of flame (12)
 q - a wand of mindburst (1)
Scrolls
 c - 3 scrolls of fog {unknown}
 d - a scroll of summoning {unknown}
 e - a scroll of holy word {unknown}
 i - 4 scrolls of teleportation
 m - a scroll of noise
 r - 3 scrolls of amnesia {unknown}
 y - a scroll of vulnerability {unknown}
 D - a scroll of magic mapping {unknown}
 G - a scroll of brand weapon {unknown}
 I - a scroll of fear {unknown}
 L - a scroll of blinking {unknown}
 M - a scroll of enchant armour {unknown}
Potions
 b - a potion of berserk rage {unknown}
 f - 4 potions of lignification {unknown}
 j - 3 potions of cancellation
 o - a potion of curing {unknown}
 s - 2 potions of haste
 t - 2 potions of degeneration {unknown}
 u - a potion of might {unknown}
 v - 2 potions of heal wounds {unknown}
 w - 2 potions of invisibility {unknown}
 x - 3 potions of mutation
 A - a potion of magic {unknown}
 C - a potion of flight {unknown}
 E - 2 potions of ambrosia {unknown}
 H - a potion of resistance {unknown}
 K - a potion of brilliance {unknown}


   Skills:
 - Level 3.3 Fighting
 * Level 14.8 Long Blades
 - Level 2.0 Armour
 - Level 2.0 Dodging


You had 9 spell levels left.
You didn't know any spells.
Your spell library was empty.

Dungeon Overview and Level Annotations

Branches:
Dungeon (8/15)             Temple (0/1) D:6           Sewer (visited)
   Lair: D:8-11

Altars:
Fedhas
Makhleb
Yredelemnul
The Shining One

Shops:
D:4 =   D:6 *

Annotations:
D:8 Maurice


Message History

Something hits you.
Something steals your scroll labelled VUERIU LUVAIRA!
Something hits you.
Something steals your +1 great sword of flaming!
You puncture something!
You hear a zap.
A bolt of acid appears from out of thin air!
The bolt of acid hits you! The acid corrodes you!
Okay, then.
As you read the scroll of teleportation, it crumbles to dust.
You feel strangely unstable. Something hits you but does no damage.
Something hits you!
Something steals your amulet of magic regeneration!
Your surroundings suddenly seem different.
You start resting.
You are no longer corroded.
You start resting.
HP restored.
You start waiting.
You feel the effects of Trog's Hand fading.
You hear a zap.
A bolt of acid appears from out of thin air!
The bolt of acid hits you!! The acid corrodes you!
You hear a zap.
A bolt of acid appears from out of thin air!
The bolt of acid hits you!! The acid corrodes you!
There is a strange disturbance nearby!
As you read the scroll of teleportation, it crumbles to dust.
You feel strangely unstable. Something hits you.
Something steals 177 gold pieces!
You now have 343 gold pieces.
Your surroundings suddenly seem different.
Found a ring mail.
Found a stone staircase leading up.
Your skin stops crawling.
You feel less strong-willed.
Maurice throws a throwing net.
The throwing net closely misses you.
Okay, then.
Okay, then.
Okay, then.
You feel yourself speed up.
Maurice zaps a wand.
The bolt of acid hits you!!
You die...

########
###......##
#........(#
#######.#.......#
#.....# #..@.@..#
#.#.### #..[....#
# #.............#
#####......<..#
..........#
###......##
###.#... #.#.##


You could see Maurice (swift).

Vanquished Creatures
  Harold (D:8)
  Pikel (D:5)
  Grinder (D:3)
  Sigmund (D:5)
  3 necrophages (D:6)
  3 sky beasts
  2 black bears
  2 ogres (D:5)
  2 centaurs
  3 kobold brigands (Sewer)
  A bullfrog (D:6)
  A gnoll sergeant (D:7)
  3 scorpions
  A water moccasin zombie (D:5)
  A wyvern skeleton (D:7)
  2 water moccasin skeletons
  4 wights (D:6)
  4 centaur zombies
  4 bullfrog zombies
  A bullfrog skeleton (D:6)
  2 hounds
  4 orc priests
  2 iguanas
  Ijyb (D:3)
  Jessica (D:3)
  An orc wizard (D:3)
  2 killer bee zombies (D:7)
  A hound zombie (D:5)
  2 hound skeletons (D:4)
  11 gnolls
  13 adders
  A howler monkey skeleton (D:4)
  7 river rats (Sewer)
  2 white imps
  An adder skeleton (D:4)
  3 worms
  18 orcs
  16 ball pythons
  5 bats
  10 endoplasms
  4 giant cockroaches
  9 goblins
  5 hobgoblins
  2 jackals (D:4)
  7 quokkas
  6 frilled lizards
  21 kobolds
  23 rats
221 creatures vanquished.

Vanquished Creatures (others)
  A fungus (D:1)
  6 plants
7 creatures vanquished.

Grand Total: 228 creatures vanquished

Notes
Turn   | Place    | Note
-------+----------+-------------------------------------------
     0 | D:1      | Johnny the Human Berserker began the quest for the Orb.
     0 | D:1      | Reached XP level 1. HP: 18/18 MP: 1/1
   206 | D:1      | Reached XP level 2. HP: 24/24 MP: 2/2
  1001 | D:1      | Reached XP level 3. HP: 22/29 MP: 3/3
  1241 | D:1      | Found a faded altar of an unknown god.
  1646 | D:2      | Reached skill level 4 in Long Blades
  1956 | D:2      | Reached ** piety under Trog
  2391 | D:2      | Reached XP level 4. HP: 28/35 MP: 4/4
  2872 | D:3      | Noticed Ijyb
  2876 | D:3      | Noticed Grinder
  2881 | D:3      | Reached skill level 5 in Long Blades
  2886 | D:3      | Killed Ijyb
  2887 | D:3      | Reached XP level 5. HP: 41/41 MP: 5/5
  3123 | D:3      | Killed Grinder
  3124 | D:3      | Reached skill level 6 in Long Blades
  3124 | D:3      | Reached XP level 6. HP: 47/47 MP: 6/6
  3205 | D:3      | Reached skill level 7 in Long Blades
  3347 | D:3      | Noticed Jessica
  3352 | D:3      | Reached XP level 7. HP: 31/52 MP: 7/7
  3360 | D:3      | Killed Jessica
  3681 | D:3      | Reached *** piety under Trog
  4147 | D:4      | Reached skill level 8 in Long Blades
  4799 | D:4      | Found Jahyu's Jewellery Shoppe.
  4850 | D:4      | Reached XP level 8. HP: 58/58 MP: 8/8
  4909 | D:4      | Reached skill level 9 in Long Blades
  5243 | D:4      | Found a glowing golden altar of the Shining One.
  5415 | D:5      | Entered Level 5 of the Dungeon
  5415 | D:5      | Noticed Sigmund
  5425 | D:5      | Killed Sigmund
  5460 | D:5      | Found a glowing drain.
  5474 | Sewer    | Entered a sewer
  5970 | Sewer    | Reached **** piety under Trog
  6136 | Sewer    | Reached skill level 10 in Long Blades
  6824 | D:5      | Reached XP level 9. HP: 64/64 MP: 9/9
  6993 | D:5      | Reached skill level 11 in Long Blades
  7167 | D:5      | Noticed Pikel
  7174 | D:5      | Killed Pikel
  7175 | D:5      | Reached skill level 12 in Long Blades
  7479 | D:5      | Found a blossoming altar of Fedhas.
  7912 | D:6      | Found a basalt altar of Yredelemnul.
  8253 | D:6      | Found a burning altar of Makhleb.
  8272 | D:6      | Found a staircase to the Ecumenical Temple.
  8339 | D:6      | Reached skill level 13 in Long Blades
  8435 | D:6      | Reached XP level 10. HP: 65/70 MP: 10/10
  9058 | D:6      | Reached ***** piety under Trog
  9451 | D:6      | Found Ateoxono's Elemental Accessories.
  9745 | D:7      | Reached skill level 14 in Long Blades
 10935 | D:8      | Noticed Harold
 10939 | D:8      | Noticed Maurice
 10949 | D:8      | Killed Harold
 10986 | D:8      | Killed from afar by Maurice

Illustrated notes

Levels and vault maps discovered:
D:1:      minmay_arrival_open_corners, layout_loops_ring,
          shapermc_ecumenical_altar_mp_ritualfount, nrook_campfire,
          minivault_24, glass_columns_a
D:2:      layout_loops_cross, kennysheep_generic_room_2
D:3:      layout_loops_ring, minmay_shallow_snake_nest, uniq_grinder,
          uniq_jessica, uniq_ijyb
D:4:      layout_basic, general_overflow_altar, serial_shops,
          nicolae_stop_n_shop_2
D:5:      wad_woods_pond, layout_loops_corners, fedhas_altar_1,
          portal_sewer_entry_d, uniq_sigmund, uniq_pikel
D:6:      layout_basic, mainiacjoe_overflow_catch_the_wave,
          minmay_misc_feat_pillars, nicolae_elemental_shop
D:7:      layout_gridville
D:8:      layout_basic, uniq_harold, uniq_maurice

Skill      XL: |  1  2  3  4  5  6  7  8  9 10 |
---------------+-------------------------------+-----
Long Blades    | 4 5 6 7 8 10 13 14 | 14.8
Fighting       | |  3.3
Armour         | |  2.0
Dodging        | |  2.0

Action                   |  1- 3 |  4- 6 |  7- 9 | 10-12 || total
-------------------------+-------+-------+-------+-------++-------
Melee: Falchion          |   154 |    85 |   334 |       ||   573
       Short sword       |       |       |   161 |   189 ||   350
Throw: Throwing net      |       |       |       |     2 ||     2
Invok: Berserk           |     1 |     3 |    15 |     3 ||    22
       Trog's Hand       |       |     2 |     2 |     2 ||     6
Evoke: Wand              |       |       |     6 |     3 ||     9
  Use: Scroll            |       |       |     5 |     2 ||     7
       Potion            |       |       |       |     1 ||     1
 Stab: Held in net/web   |       |       |       |     2 ||     2
Armor: Animal skin       |    15 |       |       |       ||    15
       Chain mail        |    38 |    43 |   258 |    70 ||   409
Dodge: Dodged            |    82 |    44 |   222 |    66 ||   414

Table legend: (Time is in decaauts)
 A = Elapsed time spent in this place.
 B = Non-inter-level travel time spent in this place.
 C = Inter-level travel time spent in this place.
 D = Time resting spent in this place.
 E = Time spent auto-exploring this place.
 F = Levels seen in this place.
 G = Mean time per level.
                   A        B        C        D        E       F      G
               +--------+--------+--------+--------+--------+-----+--------+
         Total |  11063 |  10707 |    356 |   1608 |   7523 |   9 | 1229.2 |
       Dungeon |   9785 |   9429 |    356 |   1408 |   6658 |   8 | 1223.1 |
         Sewer |   1277 |   1277 |      0 |    200 |    864 |   1 | 1277.0 |
               +--------+--------+--------+--------+--------+-----+--------+

Top non-repeatable levels by time:
     D:6: 1611 daAuts
     D:4: 1581 daAuts
     D:1: 1485 daAuts
     D:5: 1428 daAuts
     D:2: 1397 daAuts
   Sewer: 1277 daAuts
     D:7: 1187 daAuts
     D:3: 1038 daAuts
     D:8: 55 daAuts
